Map: Estaleiro Orbital

Players

Zeus

  • Race: Terran Terran
  • League: Master

TheZergLord - Winner!

  • Race: Zerg Zerg
  • League: Master

VOD

Have the link to the VOD?

Description

Time

  • Played on: Feb. 20, 2016, 5:51 a.m.
  • Length: 14:17
Show
View Real Time Build Order
Export as new Build Order

Zeus Terran 

Build Orders: Command Center First (CC), MMM Bio 

Get SALT Encoding   

  12  0:01  SCV  
  13  0:13  SCV  
  14  0:18  Supply Depot  
  14  0:25  SCV  
  15  0:39  SCV  
  16  0:52  SCV  
  17  1:00  Command Center  
  17  1:04  SCV  
  18  1:14  Barracks  
  18  1:18  SCV  
  19  1:23  Refinery  
  19  1:30  SCV  
  20  1:42  SCV  
  21  1:54  SCV  
  22  2:05  Marine  
  23  2:12  Orbital Command x2  
  23  2:23  Marine  
  23  2:27  Factory  
  24  2:42  SCV x2, Barracks Reactor  
  26  2:50  Command Center  
  26  2:54  SCV x2  
  28  3:00  Refinery  
  28  3:06  SCV  
  28  3:07  SCV  
  28  3:10  Supply Depot  
  30  3:20  Starport  
  30  3:21  SCV x2  
  30  3:25  Marine x2  
  30  3:26  Factory Tech Lab  
  34  3:33  Supply Depot, SCV x2  
  36  3:42  Engineering Bay  
  36  3:43  Engineering Bay  
  36  3:47  SCV x2  
  38  3:50  Supply Depot  
  38  3:51  Siege Tank  
  38  3:54  Marine x2  
  43  4:04  Orbital Command, SCV x2  
  45  4:11  Barracks  
  45  4:14  Barracks  
  45  4:17  SCV  
  45  4:18  SCV  
  45  4:24  Marine x2  
  47  4:31  Refinery x2  
  49  4:33  Terran Infantry Armor Level 1, Terran Infantry Weapons Level 1  
  49  4:37  SCV  
  49  4:38  SCV  
  51  4:39  SCV  
  51  4:43  Factory Tech Lab  
  52  4:51  SCV x2  
  52  4:52  Barracks x2  
  54  4:58  SCV  
  55  5:01  Stimpack  
  55  5:03  SCV  
  55  5:06  Barracks Reactor x2  
  56  5:08  SCV  
  56  5:10  SCV  
  56  5:11  Marine  
  56  5:12  Supply Depot  
  59  5:17  SCV  
  59  5:19  Siege Tank  
  59  5:20  SCV  
  64  5:31  Marauder  
  64  5:32  Orbital Command  
  66  5:38  SCV x2  
  66  5:40  Armory  
  66  5:42  Supply Depot  
  68  5:46  Marine x4  
  72  5:51  Bunker  
  72  5:52  Barracks Reactor x2  
  72  5:54  Siege Tank  
  75  5:58  SCV x2  
  75  5:59  SCV  
  78  6:10  Medivac x2, Supply Depot  
  78  6:11  Marine x5  
  82  6:13  Supply Depot  
  82  6:14  SCV x2  
  82  6:15  SCV  
  90  6:19  Refinery  
  90  6:22  Refinery  
  90  6:29  Marine  
  90  6:31  Marine x4  
  90  6:32  Marauder, Marine x2  
  99  6:35  SCV x2  
  99  6:36  SCV  
  102  6:40  Terran Infantry Weapons Level 2  
  102  6:47  Terran Infantry Armor Level 2  
  102  6:48  Marine  
  102  6:49  Marine x5  
  102  6:50  Marine  
  109  6:55  Supply Depot  
  109  6:58  Supply Depot  
  109  6:59  Terran Vehicle Weapons Level 1  
  109  7:00  SCV x3  
  112  7:12  SCV x3  
  112  7:15  Marine x2  
  115  7:17  Marine x6  
  115  7:20  Supply Depot  
  123  7:24  Supply Depot  
  123  7:33  Marine x2  
  123  7:34  Widow Mine x2, Marine x2  
  123  7:35  Combat Shields  
  131  7:37  Starport Reactor  
  131  7:39  Supply Depot  
  131  7:48  Marine x3  
  131  7:49  Marine x2  
  136  7:51  Marine x3  
  131  8:02  Marine  
  131  8:05  Supply Depot  
  128  8:06  Marine x4  
  128  8:08  Supply Depot  
  128  8:10  Supply Depot, Missile Turret  
  128  8:11  Missile Turret  
  132  8:13  Missile Turret  
  132  8:17  Medivac x2  
  136  8:20  SCV x3  
  136  8:22  Starport  
  139  8:32  Marine x5  
  139  8:33  Widow Mine x2, Marine x4  
  74  8:41  Liberator x2  
  152  8:42  Barracks x2  
  152  8:50  Marine  
  152  8:59  Starport Tech Lab, Marauder, Marine  
  152  9:00  Marine x6  
  152  9:02  Liberator  
  167  9:07  Widow Mine x2  
  171  9:13  Terran Infantry Weapons Level 3  
  171  9:23  Marine x4  
  171  9:24  Liberator  
  178  9:30  Terran Infantry Armor Level 3  
  177  9:33  Barracks Tech Lab x2  
  180  9:53  Marine  
  180  9:55  Liberator x2  
  181  10:00  Marine  
  181  10:07  Marine  
  181  10:08  Marine x4  
  181  10:09  Ghost Academy, Marine x2  
  181  10:10  Marine  
  181  10:12  Marine  
  171  10:22  Widow Mine x2  
  175  10:35  Command Center  
  175  10:40  Ghost x2  
  175  10:41  Marine x2  
  181  11:35  Widow Mine x2, Marine x2  
  181  11:36  Liberator x3, Marine  
  181  11:38  Marine x2  
  181  11:39  Marine x6  
  135  11:53  Marine x2  
  135  11:54  Marine  
  128  11:56  Marine x2  
  128  11:57  Marine x6  
  137  12:05  Terran Ship Weapons Level 1  
  137  12:18  Liberator, Ghost x3  
  137  12:20  Personal Cloaking  
  143  12:26  Refinery  
  143  12:27  Marine x6  
  143  12:28  Marine x2  
  151  12:33  Missile Turret  
  151  12:36  Missile Turret  
  154  12:37  Medivac x2  
  154  12:40  Missile Turret  
  158  12:46  Ghost  
  160  12:53  Widow Mine  
  160  12:54  Widow Mine  
  163  13:07  Medivac  
  163  13:09  Command Center  
  163  13:12  Refinery  
  165  13:13  Refinery  
  165  13:16  Marine x4  
  165  13:17  Marine x2  
Show
View Real Time Build Order
Export as new Build Order

TheZergLord Zerg - Winner!

Build Orders: Hatch First, Muta Ling Bane 

Get SALT Encoding   

  12  0:01  Drone  
  13  0:12  Overlord  
  13  0:17  Drone  
  14  0:32  Drone x2  
  14  0:35  Drone  
  17  0:54  Hatchery  
  17  0:57  Drone  
  17  1:09  Spawning Pool  
  16  1:12  Drone  
  16  1:16  Extractor  
  16  1:17  Drone  
  17  1:21  Drone  
  18  1:28  Drone  
  19  1:39  Overlord  
  19  1:56  Zergling x2, Queen  
  19  2:01  Zergling x2  
  23  2:06  Queen  
  23  2:07  Zergling x2  
  26  2:12  Drone  
  27  2:20  Drone  
  27  2:22  Metabolic Boost  
  28  2:26  Drone  
  28  2:29  Drone  
  30  2:42  Queen  
  32  2:50  Hatchery  
  31  2:56  Overlord  
  31  2:59  Drone x2  
  31  3:02  Drone  
  34  3:08  Drone x2  
  36  3:15  Drone x3  
  39  3:22  Overlord  
  39  3:25  Drone x3  
  39  3:26  Drone  
  43  3:35  Drone  
  44  3:45  Queen  
  44  3:46  Queen  
  48  3:50  Drone  
  48  3:51  Overlord  
  48  3:52  Overlord  
  48  3:53  Drone x2  
  51  4:06  Drone x2  
  51  4:07  Drone x4  
  51  4:08  Spine Crawler  
  56  4:11  Queen  
  56  4:16  Drone x2  
  56  4:17  Drone  
  61  4:18  Drone  
  62  4:25  Lair  
  62  4:27  Queen  
  64  4:35  Overlord  
  64  4:37  Zergling x10  
  69  4:38  Zergling x2  
  69  4:43  Drone x3  
  74  4:45  Drone  
  74  4:49  Overlord  
  74  5:01  Overlord  
  74  5:03  Drone  
  74  5:06  Hatchery  
  74  5:11  Drone x2  
  74  5:12  Drone  
  74  5:13  Drone x5, Evolution Chamber x2  
  80  5:18  Drone x2  
  82  5:25  Drone  
  84  5:28  Drone  
  84  5:29  Extractor x2  
  84  5:30  Extractor  
  84  5:31  Drone x2  
  84  5:32  Drone, Extractor  
  84  5:33  Hatchery, Extractor  
  80  5:43  Drone x3  
  80  5:44  Drone x5  
  80  5:47  Zerg Ground Armor Level 1, Zerg Melee Weapons Level 1  
  88  5:58  Baneling Nest  
  87  6:09  Zergling x14  
  87  6:10  Zergling x2  
  95  6:19  Drone  
  95  6:22  Drone  
  95  6:23  Zergling x4, Spire  
  95  6:24  Zergling x6  
  101  6:36  Overlord x4  
  101  6:37  Queen  
  103  6:41  Centrifical Hooks  
  103  6:47  Queen  
  105  6:57  Baneling x4  
  105  6:58  Baneling x5  
  105  7:00  Pneumatized Carapace  
  105  7:02  Zergling x30  
  105  7:03  Zergling x2  
  121  7:11  Drone  
  122  7:18  Drone x12  
  134  7:22  Hatchery  
  134  7:26  Overlord x4  
  133  7:34  Infestation Pit  
  132  7:42  Mutalisk  
  132  7:43  Mutalisk x3  
  140  7:47  Extractor  
  140  7:48  Extractor  
  140  7:49  Overseer  
  136  7:58  Mutalisk x6  
  134  8:02  Drone x8  
  134  8:03  Drone  
  153  8:16  Zerg Ground Armor Level 2  
  153  8:19  Zergling x2  
  154  8:20  Zergling x26  
  154  8:23  Zerg Melee Weapons Level 2  
  167  8:28  Hive  
  167  8:32  Baneling x4  
  167  8:33  Baneling  
  167  8:34  Baneling  
  167  8:52  Queen  
  167  8:55  Zergling x22  
  180  9:29  Overlord x2  
  180  9:30  Overlord x5  
  180  9:33  Baneling  
  180  9:34  Baneling x20  
  180  9:35  Baneling x8  
  179  9:48  Zergling x2  
  179  9:49  Zergling x46  
  162  10:17  Zergling x8  
  162  10:18  Zergling x26  
  161  10:25  Adrenal Glands  
  161  10:27  Baneling, Ultralisk Cavern  
  161  10:28  Baneling x22  
  160  10:29  Mutalisk, Baneling x5  
  160  10:30  Mutalisk x5  
  160  10:33  Zergling x4  
  174  10:43  Zerg Ground Armor Level 3  
  174  10:46  Drone  
  175  10:51  Hatchery  
  174  10:58  Zerg Melee Weapons Level 3  
  174  11:03  Hatchery  
  173  11:05  Zergling x14  
  173  11:06  Zergling x28  
  194  11:17  Chitinous Plating  
  194  11:19  Zergling x10  
  194  11:20  Zergling x2  
  137  11:49  Ultralisk x5  
  162  12:00  Greater Spire  
  162  12:05  Drone x5  
  162  12:06  Drone x3  
  170  12:10  Zergling x4, Ultralisk  
  170  12:11  Zergling x36  
  170  12:12  Zergling x2  
  170  12:14  Baneling  
  170  12:15  Baneling x4, Extractor  
  197  12:16  Baneling  
  197  12:20  Queen, Extractor  
  197  12:38  Queen  
  161  13:50  Zergling x2  
  161  13:51  Zergling x2  
Tags
 
Add a new tag
Caveats
  • Supply blocks, unpowered buildings, or Contaminate may cause inaccurate times.
  • Supply counts are checked every 10 seconds.